 Dungeon Crawl Stone Soup version 0.29.1-1-gd02db6906a (webtiles) character file.

Game seed: 17733768659251261302

37 Linkola the Chiller (level 3, -24/19 HPs)
             Began as a Deep Elf Ice Elementalist on Sept 24, 2022.
             Engulfed by a cloud of flame (28 damage)
             ... on level 2 of the Dungeon.
             The game lasted 00:05:56 (1344 turns).

Linkola the Chiller (Deep Elf Ice Elementalist)     Turns: 1344, Time: 00:05:57

Health: -24/19     AC:  6    Str:  5    XL:     3   Next: 23%
Magic:  9/9        EV: 12    Int: 21    God:
Gold:   88         SH:  0    Dex: 15    Spells: 2/8 levels left

rFire   . . .      SeeInvis .   d - +0 dagger
rCold   . . .      Faith    .   (no shield)
rNeg    . . .      Spirit   .   a - +0 robe
rPois   .          Reflect  .   f - +0 helmet
rElec   .          Harm     .   (no cloak)
rCorr   .          Rampage  .   (no gloves)
Will    .....                   h - +2 pair of boots
Stlth   ++........              (no amulet)
HPRegen 0.06/turn               (no ring)
MPRegen 0.11/turn               (no ring)

@: no status effects
A: no striking features
a: no special abilities


You were on level 2 of the Dungeon.
You visited 1 branch of the dungeon, and saw 2 of its levels.

You collected 88 gold pieces.

Inventory:

Hand Weapons
 d - a +0 dagger (weapon)
Missiles
 e - 7 stones (quivered)
Armour
 a - a +0 robe (worn)
 f - a +0 helmet (worn)
 h - a +2 pair of boots (worn)
Jewellery
 g - a ring of wizardry
Potions
 b - a potion of magic
 c - 2 potions of curing
 i - a potion of cancellation {unknown}
 j - a potion of haste {unknown}


   Skills:
 * Level 1.0 Throwing
 + Level 2.4 Dodging
 + Level 2.8 Stealth
 + Level 3.4 Spellcasting
 * Level 0.8 Conjurations
 * Level 0.2 Necromancy
 + Level 4.8 Ice Magic


You had 2 spell levels left.
You knew the following spells:

 Your Spells              Type           Power      Damage    Failure   Level
a - Freeze                Ice            96%        1d11      1%          1
b - Sublimation of Blood  Necr           4%         N/A       17%         2
c - Frozen Ramparts       Ice            48%        1d8       5%          3

Your spell library contained the following spells:

 Spells                   Type           Power      Damage    Failure   Level
 Wereblood                Tmut           3%         N/A       19%         2
 Ozocubu's Armour         Ice            24%        N/A       5%          3
 Hailstorm                Conj/Ice       15%        3d5       36%         4
 Summon Hydra             Summ           1%         N/A       100%        7


Dungeon Overview and Level Annotations

Branches:
Dungeon (2/15)

Altars:


Message History

Casting: Freeze (safe; 1% risk of failure)
Confirm with . or Enter, or press ? or * to list all spells.
Aiming: Freeze (safe; 1% risk of failure)
Press: ? - help, Shift-Dir - straight line, f - giant cockroach
Aim: a giant cockroach You freeze the giant cockroach.
The giant cockroach is moderately wounded.
The giant cockroach bites you but does no damage.
Casting: Freeze (safe; 1% risk of failure)
Confirm with . or Enter, or press ? or * to list all spells.
Aiming: Freeze (safe; 1% risk of failure)
Press: ? - help, Shift-Dir - straight line, f/p - giant cockroach
Aim: a giant cockroach (moderately wounded)
You freeze the giant cockroach!
You kill the giant cockroach!
You see here a giant cockroach corpse.
Found a stone staircase leading down.
e - 7 stones (gained 6)
An endoplasm comes into view.
Found 28 gold pieces.
Really walk into a travel-excluded area? [Y]es or [N]o only, please.
Really walk into a travel-excluded area?
Okay, then.
An endoplasm is nearby!
An endoplasm is nearby!
The endoplasm is engulfed in blazing flames.
The endoplasm dies!
Really walk into a travel-excluded area? [Y]es or [N]o only, please.
Really walk into a travel-excluded area?
Okay, then.
Really walk into a travel-excluded area?
Found 35 gold pieces.
You are engulfed in blazing flames.
Ouch! That really hurt!
* * * LOW HITPOINT WARNING * * *
You are engulfed in blazing flames.
Ouch! That really hurt!
You die...

.#..#### .#.....### .# .........#
§# †...#.##.## §☼# ....#....^##
.○☼# #...#.#....########...##
....#.###....#.☼§☼.$$$.. #.#.#.#
#.##...§§○.$$$.. #.#.#.#
#.###..§@°..$$.§ #.#.#.#
#.....#####...## #.#.#.# #######
§# #...#. ###.# ....# ### #####
....############.# #...#
............#....##+###...#######
..........#.#.#..#.......††......


There were no monsters in sight!

Vanquished Creatures
  An adder (D:2)
  2 bats (D:2)
  2 endoplasms (D:1)
  3 giant cockroaches
  4 goblins (D:1)
  2 hobgoblins (D:1)
  4 jackals (D:2)
  2 ball pythons
  2 frilled lizards (D:1)
  3 kobolds (D:1)
25 creatures vanquished.

Vanquished Creatures (others)
  An endoplasm (D:2)
1 creature vanquished.

Grand Total: 26 creatures vanquished

Notes
Turn   | Place    | Note
-------+----------+-------------------------------------------
     0 | D:1      | Linkola the Deep Elf Ice Elementalist began the quest for
                  | the Orb.
     0 | D:1      | Reached XP level 1. HP: 10/10 MP: 6/6
   370 | D:1      | Reached XP level 2. HP: 15/15 MP: 5/8
   987 | D:2      | Learned a level 2 spell: Sublimation of Blood
  1057 | D:2      | Reached XP level 3. HP: 17/19 MP: 7/9
  1061 | D:2      | Reached skill level 1 in Throwing
  1065 | D:2      | Learned a level 3 spell: Frozen Ramparts
  1344 | D:2      | Engulfed by a cloud of flame

Illustrated notes

Levels and vault maps discovered:
D:1:      psy_arrival_dodecagon, layout_loops_ring
D:2:      layout_basic, basic_altar, lemuel_flame_loot_1

Skill      XL: |  1  2  3 |
---------------+----------+-----
Throwing       | 1 |  1.0
Dodging        | |  2.4
Stealth        | |  2.8
Spellcasting   | |  3.4
Conjurations   | |  0.8
Necromancy     | |  0.2
Ice Magic      | |  4.8

Action                   || total
-------------------------++-------
Throw: Stone             ||     1
 Cast: Freeze            ||    40
       Frozen Ramparts   ||     1
  Use: Scroll            ||     4
Armor: Robe              ||     9
Dodge: Dodged            ||    21
